 Dungeon Sprint DCSS version 0.24-a0-250-g6074511092 (webtiles) character file.

Game seed: 17950782270051296019

1355 Redear the Fighter (level 8, 0/101 HPs)
             Began as an Ogre Fighter on Apr 15, 2019.
             Was the Champion of Cheibriados.
             Slain by an orange demon (12 damage)
             ... summoned by an orc sorcerer
             ... in the Dungeon (Sprint VII: "The Pits").
             The game lasted 00:03:52 (1020 turns).

Redear the Fighter (Ogre Fighter)                   Turns: 1020, Time: 00:03:52

Health: 0/101      AC:  3    Str: 36    XL:     8   Next: 63%
Magic:  4/8        EV: 17    Int: 26    God:    Cheibriados [******]
Gold:   0          SH: 14    Dex: 23    Spells: 7/7 levels left

rFire    . . .     SeeInvis .     - Unarmed
rCold    . . .     Gourm    .   b - +0 shield
rNeg     . . .     Faith    .   a - +0 robe
rPois    .         Spirit   .   (helmet restricted)
rElec    .         Reflect  .   (no cloak)
rCorr    .         Harm     .   (gloves unavailable)
MR       .....     NoTele   +   (boots unavailable)
Stlth    ++........             (no amulet)
HPRegen  0.26/turn              (no ring)
MPRegen  0.11/turn              (no ring)

@: very slow
A: large, unfitting armour, tough skin 1
a: Bend Time, Temporal Distortion, Slouch, Step From Time, Renounce Religion


You were in the Dungeon.
You worshipped Cheibriados.
Cheibriados was exalted by your worship.
You were not hungry.

You visited 1 branch

Inventory:

Armour
 a - a +0 robe (worn)
 b - a +0 shield (worn)
Scrolls
 e - 5 scrolls of amnesia
 g - a scroll of summoning
 B - a scroll of blinking {@r4}
 N - 3 scrolls of remove curse
Potions
 c - a potion of might {Str+5 DMG+1d10 | @q3}
 d - 2 potions of invisibility
 h - 4 potions of magic
 i - 3 potions of berserk rage
 H - a potion of haste {@q5}
 Q - 3 potions of curing
Comestibles
 f - 5 chunks of flesh
 z - 9 rations


   Skills:
 + Level 12.5 Fighting
 + Level 9.1 Dodging
 + Level 9.1 Shields
 + Level 8.8 Unarmed Combat


You had 7 spell levels left.
You didn't know any spells.
Your spell library was empty.

Dungeon Overview and Level Annotations

Branches:
Dungeon (1/1)

Altars:
Ashenzari
Cheibriados
Dithmenos
Elyvilon
Fedhas
Gozag
Hepliaklqana
Kikubaaqudgha
Makhleb
Nemelex Xobeh
Okawaru
Qazlal
Ru
Sif Muna
Trog
Uskayaw
Vehumet
Wu Jian
Xom
Yredelemnul
Zin
The Shining One
Beogh
Jiyva
Lugonu


Innate Abilities, Weirdness & Mutations

You are too large for most types of armour.
You have tough skin. (AC +1)


Message History

You feel better.
The orc sorcerer hits you with a +0 dagger.
* * * LOW HITPOINT WARNING * * *
The orange demon stings you from afar.
* * * LOW HITPOINT WARNING * * *
You regained 4 hp, and now have 12/101 hp.
Unknown command.
You hit the orc sorcerer.
The orc sorcerer is severely wounded.
You block the orc sorcerer's attack.
You barely miss the orc sorcerer.
The orc sorcerer is severely wounded.
You block the orange demon's attack.
Unknown command.
You hit the orc sorcerer but do no damage.
The orc sorcerer is severely wounded.
The orc sorcerer hits you with a +0 dagger.
* * * LOW HITPOINT WARNING * * *
The orange demon stings you from afar!
You die...

#.#........##.......#
#.#........##.......#
#'###########.......#
#.......#..##########
#...#...#.######
#...#...#.#§...#
#.##.##.#§#.§§.#
#...#...#o§§...+
#...#..@#)#....#
#.......o4#....#
################


You could see an orange demon and an orc sorcerer.

Vanquished Creatures
  An orc sorcerer (D)
  A troll (D)
  A hungry ghost (D)
  A porcupine (D)
  A phantom (D)
  2 necrophages (D)
  A wolf (D)
  A centaur (D)
  A crimson imp (D)
  An iron imp (D)
  A jelly (D)
  A gnoll (D)
  An adder (D)
  An ooze (D)
  An adder skeleton (D)
  3 ball pythons (D)
  2 goblins (D)
  2 jackals (D)
  A quokka (D)
24 creatures vanquished.

Notes
Turn   | Place    | Note
-------+----------+-------------------------------------------
     0 | D        | Redear the Ogre Fighter began the quest for the Orb.
     0 | D        | Reached XP level 1. HP: 24/24 MP: 1/1
    14 | D        | Reached skill level 2 in Unarmed Combat
    42 | D        | Found a bloodstained altar of Trog.
    42 | D        | Found a deep blue altar of Sif Muna.
    42 | D        | Found a viscous altar of Jiyva.
    42 | D        | Found a hazy altar of Hepliaklqana.
    42 | D        | Found an opulent altar of Gozag.
    43 | D        | Found a glowing golden altar of the Shining One.
    43 | D        | Found a glowing silver altar of Zin.
    43 | D        | Found a basalt altar of Yredelemnul.
    43 | D        | Found a shimmering altar of Xom.
    43 | D        | Found an ornate altar of the Wu Jian Council.
    43 | D        | Found a sacrificial altar of Ru.
    43 | D        | Found a stormy altar of Qazlal.
    43 | D        | Found an iron altar of Okawaru.
    43 | D        | Found a sparkling altar of Nemelex Xobeh.
    43 | D        | Found a burning altar of Makhleb.
    43 | D        | Found a blossoming altar of Fedhas.
    43 | D        | Found a white marble altar of Elyvilon.
    43 | D        | Found a shadowy altar of Dithmenos.
    43 | D        | Found a snail-covered altar of Cheibriados.
    46 | D        | Found a corrupted altar of Lugonu.
    46 | D        | Found a radiant altar of Vehumet.
    46 | D        | Found a roughly hewn altar of Beogh.
    47 | D        | Found an ancient bone altar of Kikubaaqudgha.
    47 | D        | Found a hide-covered altar of Uskayaw.
    47 | D        | Found a shattered altar of Ashenzari.
    54 | D        | Became a worshipper of Cheibriados the Contemplative
    71 | D        | Reached skill level 3 in Dodging
    71 | D        | Reached skill level 3 in Shields
    71 | D        | Reached XP level 2. HP: 27/33 MP: 2/2
    78 | D        | Reached * piety under Cheibriados
    89 | D        | Reached skill level 5 in Fighting
    95 | D        | HP: 3/35 [gnoll/+0 club (5)]
   100 | D        | Reached ** piety under Cheibriados
   100 | D        | Reached skill level 3 in Unarmed Combat
   104 | D        | Noticed a centaur
   106 | D        | Reached XP level 3. HP: 33/42 MP: 3/3
   119 | D        | Killed a centaur
   119 | D        | Reached *** piety under Cheibriados
   119 | D        | Reached skill level 7 in Fighting
   119 | D        | Reached skill level 4 in Dodging
   119 | D        | Reached skill level 4 in Shields
   119 | D        | Reached skill level 4 in Unarmed Combat
   119 | D        | Reached XP level 4. HP: 11/55 MP: 4/4
   389 | D        | Noticed a necrophage
   393 | D        | Noticed a hungry ghost
   394 | D        | Reached **** piety under Cheibriados
   409 | D        | Killed a necrophage
   409 | D        | Reached skill level 8 in Fighting
   409 | D        | Reached skill level 5 in Dodging
   409 | D        | Reached skill level 5 in Shields
   409 | D        | Reached skill level 5 in Unarmed Combat
   409 | D        | Reached XP level 5. HP: 54/63 MP: 5/5
   422 | D        | Killed a hungry ghost
   422 | D        | Reached skill level 9 in Fighting
   422 | D        | Reached skill level 6 in Dodging
   422 | D        | Reached skill level 6 in Shields
   422 | D        | Reached skill level 6 in Unarmed Combat
   422 | D        | Reached XP level 6. HP: 45/74 MP: 6/6
   426 | D        | Reached ***** piety under Cheibriados
   427 | D        | Noticed a phantom
   697 | D        | Killed a phantom
   697 | D        | Reached skill level 10 in Fighting
   697 | D        | Reached skill level 7 in Dodging
   697 | D        | Reached skill level 7 in Shields
   697 | D        | Reached XP level 7. HP: 44/83 MP: 7/7
   803 | D        | Reached skill level 7 in Unarmed Combat
   806 | D        | Noticed a troll
   818 | D        | HP: 8/85 [troll (7)]
   822 | D        | HP: 2/87 [troll (8)]
   832 | D        | Killed a troll
   832 | D        | Reached skill level 11 in Fighting
   832 | D        | Reached skill level 8 in Dodging
   832 | D        | Reached skill level 8 in Shields
   863 | D        | Reached ****** piety under Cheibriados
   863 | D        | Reached skill level 8 in Unarmed Combat
   863 | D        | Reached XP level 8. HP: 59/97 MP: 8/8
  1000 | D        | Noticed an orc sorcerer
  1000 | D        | Noticed an orc sorcerer
  1002 | D        | Paralysed by an orc sorcerer for 4 turns
  1008 | D        | Noticed a ynoxinul
  1008 | D        | HP: 7/98 [orc sorcerer/bolt of negative energy (37)]
  1014 | D        | Noticed a sixfirhy
  1014 | D        | Killed an orc sorcerer
  1014 | D        | Reached skill level 12 in Fighting
  1014 | D        | Reached skill level 9 in Dodging
  1014 | D        | Reached skill level 9 in Shields
  1016 | D        | Noticed an orange demon
  1016 | D        | HP: 8/101 [orange demon[an orc sorcerer] (7)]
  1020 | D        | Slain by an orange demon

Levels and vault maps discovered:
D:        pitsprint [storerooms_1, entrance_room_1, metal_vault_4, armoury_2,
          mini_pit_1, grid_room_1, main_hall_1, silver_pit, the_coven_1,
          the_vestibule_1, steel_vault_3, golden_pit, hallway_of_sentries,
          crystal_vault_1, iron_vault_4, final_vault]

Skill      XL: |  1  2  3  4  5  6  7  8 |
---------------+-------------------------+-----
Unarmed Combat | 2 3 4 5 6 8 |  8.8
Dodging        | 3 4 5 6 7 8 9 |  9.1
Shields        | 3 4 5 6 7 8 9 |  9.1
Fighting       | 5 7 8 9 10 11 12 | 12.5

Action                   |  1- 3 |  4- 6 |  7- 9 || total
-------------------------+-------+-------+-------++-------
Melee: Unarmed           |    39 |    55 |    51 ||   145
Invok: Bend Time         |       |       |     1 ||     1
       Slouch            |       |       |     1 ||     1
  Use: Potion            |     2 |       |     7 ||     9
  Eat: Chunk             |       |     2 |     1 ||     3
Armor: Robe              |     6 |     6 |     5 ||    17
Dodge: Dodged            |    13 |    16 |    31 ||    60
Block: Shield            |    18 |    21 |    49 ||    88

Table legend:
 A = Non-vault XP
 B = Vault XP
 C = Vault XP percentage of total XP
 D = Non-vault monster count
 E = Vault monster count
 F = Vault count percentage of total count
                 A         B        C        D         E       F
            +---------+---------+-------+---------+---------+-------
      Total |       0 |    1936 | 100.0 |       0 |      24 | 100.0
            +---------+---------+-------+---------+---------+-------
          D |       0 |    1936 | 100.0 |       0 |      24 | 100.0
            +---------+---------+-------+---------+---------+-------
